 Dungeon Crawl Stone Soup version 0.29.1-15-g9cfb28693d (webtiles) character file.

Game seed: 6390925637214205194

79 Mickster the Trooper (level 4, -5/35 HPs)
             Began as a Demonspawn Abyssal Knight on Feb 23, 2023.
             Was a Priest of Lugonu.
             Slain by Grinder (7 damage)
             ... on level 3 of the Dungeon.
             The game lasted 00:13:17 (1770 turns).

Mickster the Trooper (Demonspawn Abyssal Knight)    Turns: 1770, Time: 00:13:18

Health: -5/35      AC:  8    Str: 15    XL:     4   Next: 17%
Magic:  5/5        EV:  7    Int: 11    God:    Lugonu [***...]
Gold:   55         SH:  0    Dex: 20    Spells: 3/3 levels left

rFire   + . .      SeeInvis .   a - +1 falchion
rCold   + . .      Faith    .   (no shield)
rNeg    . . .      Spirit   .   e - +0 chain mail
rPois   +          Reflect  .   (helmet restricted)
rElec   +          Harm     .   (no cloak)
rCorr   +          Rampage  .   (no gloves)
Will    .....                   (no boots)
Stlth   ..........              (no amulet)
HPRegen 0.11/turn               c - +6 ring of dexterity
MPRegen 0.09/turn               (no ring)

@: resistant
A: horns 1
a: Renounce Religion, Depart the Abyss, Bend Space, Banish


You were on level 3 of the Dungeon.
You worshipped Lugonu.
Lugonu was most pleased with you.
You visited 1 branch of the dungeon, and saw 3 of its levels.
You visited the Abyss 1 time.

You collected 55 gold pieces.

Inventory:

Hand Weapons
 a - a +1 falchion (weapon)
Missiles
 d - 12 stones
Armour
 b - a +0 leather armour
 e - a +0 chain mail (worn)
Jewellery
 c - a +6 ring of dexterity (left hand)
Potions
 f - a potion of mutation {unknown}


   Skills:
 + Level 3.5 Fighting
 * Level 3.0 Long Blades
 + Level 2.2 Armour
 + Level 1.4 Dodging
 + Level 0.3 Stealth
 + Level 2.5 Invocations


You had 3 spell levels left.
You didn't know any spells.
Your spell library was empty.

Dungeon Overview and Level Annotations

Branches:
Dungeon (3/15)

Altars:

Annotations:
D:3 Grinder


Innate Abilities, Weirdness & Mutations

You have a pair of small horns on your head.


Message History

Found 8 gold pieces.
You see here a +0 scale mail.
Grinder comes into view.
Grinder shouts!
You see here 8 gold pieces.
Found a stone staircase leading down.
Grinder closely misses you. Grinder gestures at you.
Pain shoots through your body!
You see here 13 gold pieces.
You closely miss Grinder. Grinder hits you.
You writhe in agony.
You hit Grinder.
Grinder is lightly wounded.
Grinder says, "You look like you could use a good racking."
Grinder hits you.
You barely miss Grinder. You headbutt Grinder, but do no damage.
Grinder is lightly wounded.
Grinder hits you.
You writhe in agony.
You hit Grinder.
Grinder is lightly wounded.
Grinder hits you.
You closely miss Grinder. You headbutt Grinder.
Grinder is moderately wounded.
Grinder hits you but does no damage. Grinder gestures at you.
You resist with significant effort.
You closely miss Grinder. You headbutt Grinder.
Grinder is moderately wounded.
Grinder hits you.
* * * LOW HITPOINT WARNING * * *
You hit Grinder but do no damage.
Grinder is moderately wounded.
Grinder hits you but does no damage.
You closely miss Grinder. Your headbutt misses Grinder.
Grinder is moderately wounded.
Grinder hits you!
* * * LOW HITPOINT WARNING * * *
It was a potion of resistance.
You feel protected. Grinder hits you!
You die...

#................<..#
#..............####.###
#............[..#.....
#........#.#..#.#.#.#
##.#.......#.....$..#
#.######..#..#.#...#
#.######..#........#
..........#...5##..###
#........)#.#@$.......
########.#.#.###...##
........#.#.# #...#
#######.#.#.. .... #.#
### .. #.# > #.# #.#
#.#


You could see Grinder.

Vanquished Creatures
  3 adders (D:2)
  A worm (D:2)
  A dart slug (D:1)
  3 bats
  4 endoplasms
  A giant cockroach (D:2)
  3 goblins (D:1)
  2 hobgoblins (D:2)
  7 jackals
  4 kobolds
  3 quokkas
  3 ball pythons
  2 frilled lizards
  7 rats
44 creatures vanquished.

Notes
Turn   | Place    | Note
-------+----------+-------------------------------------------
     0 | Abyss:1  | Mickster the Demonspawn Abyssal Knight began the quest for
                  | the Orb.
     0 | Abyss:1  | Reached XP level 1. HP: 18/18 MP: 2/2
     5 | Abyss:1  | Found a corrupted altar of Lugonu.
    13 | D:1      | Escaped the Abyss
   129 | D:1      | Gained mutation: You have a pair of small horns on your
                  | head. [demonic ancestry]
   129 | D:1      | Reached XP level 2. HP: 21/24 MP: 3/3
   301 | D:1      | Found a faded altar of an unknown god.
   342 | D:1      | Reached skill level 1 in Dodging
   585 | D:2      | Reached XP level 3. HP: 24/29 MP: 4/4
   604 | D:2      | Reached *** piety under Lugonu
   913 | D:2      | Reached XP level 4. HP: 29/35 MP: 5/5
  1753 | D:3      | Noticed Grinder
  1770 | D:3      | Slain by Grinder

Illustrated notes

Levels and vault maps discovered:
D:1:      mrwooster_arrival_statue, layout_basic, basic_ecumenical_altar
D:2:      layout_loops_cross
D:3:      layout_basic, uniq_grinder

Skill      XL: |  1  2  3  4 |
---------------+-------------+-----
Armour         | 2 |  2.2
Long Blades    | 2 3 |  3.0
Dodging        | 1 |  1.4
Fighting       | |  3.5
Stealth        | |  0.3
Invocations    | |  2.5

Action                   |  1- 3 |  4- 6 || total
-------------------------+-------+-------++-------
Melee: Falchion          |    94 |    35 ||   129
       Headbutt          |    16 |     6 ||    22
  Use: Scroll            |     2 |     1 ||     3
       Potion            |     3 |     1 ||     4
Armor: Leather armour    |    23 |       ||    23
       Chain mail        |     4 |    18 ||    22
Dodge: Dodged            |    75 |    11 ||    86
